[Event "FIDE World Junior U20-ch Girls 2025"]
[Site "Petrovac"]
[Date "2025.03.02"]
[Round "6.8"]
[White "Rakshitta Ravi"]
[Black "Kaliakhmet, Elnaz"]
[Result "1-0"]
[Annotator "ChessBase"]
[ECO "B30"]
[WhiteElo "2365"]
[BlackElo "2242"]
[PlyCount "128"]
[EventDate "2025.02.23"]
[EventType "swiss"]
[EventCountry "MNE"]
[SourceTitle "playchess.com"]
[Source "ChessBase"]
[SourceQuality "1"]
[TimeControl "40/5400+30:1800+30"]

1. e4 c5 2. Nf3 Nc6 3. Nc3 e5 4. Bc4 d6 5. d3 Be7 6. h3 Nf6 7. Nh2 a6 8. a4 Be6 9. Ng4 Rb8 10. Nd5 Nxg4 11. hxg4 b5 12. Ba2 O-O 13. c3 Bg5 14. Be3 Bxe3 15. Nxe3 b4 16. Bd5 Bxd5 17. exd5 Na5 18. c4 Qf6 19. Rb1 b3 20. Qf3 Qxf3 21. gxf3 g6 22. Kd2 Kg7 23. Rh3 Rb4 24. Rbh1 Rxa4 25. Rxh7+ Kf6 26. Rg1 Kg5 27. Nd1 Ra1 28. Ke3 Kf6 29. g5+ Ke7 30. Kd2 Nb7 31. Re1 Kd7 32. Nc3 Rxe1 33. Kxe1 Ke7 34. Kd2 a5 35. Ne4 Ra8 36. Rh1 Ra6 37. Rh8 Kd7 38. Rh1 Rb6 39. Kc3 Rb4 40. Ra1 Ke7 41. Ra3 Kd7 42. Nd2 a4 43. Ne4 Kc7 44. Ra1 Kb6 45. Kd2 Kc7 46. Nc3 Kd7 47. Nxa4 Nd8 48. Nc3 Rb7 49. Ne4 Rb6 50. Kc3 Kc7 51. Ra3 Rb7 52. Ra6 Rb8 53. Nxd6 Kd7 54. Ne4 Nb7 55. Rb6 Kc7 56. Rc6+ Kd7 57. Nxc5+ Nxc5 58. Rxc5 Rh8 59. Ra5 Rh3 60. Ra7+ Ke8 61. c5 Rxf3 62. c6 e4 63. Ra8+ Ke7 64. c7 Kd6 1-0

[Event "FIDE World Junior U20-ch Girls 2025"]
[Site "Petrovac"]
[Date "2025.03.02"]
[Round "6.9"]
[White "Nurgaliyeva, Zarina"]
[Black "Nurman, Alua"]
[Result "0-1"]
[Annotator "ChessBase"]
[ECO "B23"]
[WhiteElo "2265"]
[BlackElo "2336"]
[PlyCount "108"]
[EventDate "2025.02.23"]
[EventType "swiss"]
[EventCountry "MNE"]
[SourceTitle "playchess.com"]
[Source "ChessBase"]
[SourceQuality "1"]
[TimeControl "40/5400+30:1800+30"]

1. e4 c5 2. Nc3 Nc6 3. Bb5 Nd4 4. Nf3 e6 5. a4 Ne7 6. Nxd4 cxd4 7. Ne2 a6 8. Bc4 Nc6 9. d3 Be7 10. O-O O-O 11. f4 f5 12. Ng3 g6 13. Bd2 b6 14. Qe2 Bb7 15. Rae1 Kh8 16. Nh1 Bh4 17. g3 Be7 18. h4 Bf6 19. Nf2 Ne7 20. Bb4 Ng8 21. Bxf8 Qxf8 22. Kh2 Nh6 23. Kh3 Re8 24. g4 fxg4+ 25. Nxg4 Nxg4 26. Qxg4 d5 27. e5 Bd8 28. Bb3 Qh6 29. Kg3 Rf8 30. Rh1 Rf5 31. Re2 Bc6 32. Rf2 Be8 33. c3 dxc3 34. bxc3 Qf8 35. c4 Qa3 36. Qd1 d4 37. c5 Qxc5 38. Bxe6 Rxe5 39. Bg4 Re3+ 40. Rf3 Re7 41. Qa1 h5 42. Rc1 Qd6 43. Bh3 Re2 44. Bg2 Qf6 45. Rh1 Bc6 46. Qc1 Qf5 47. Bh3 Bxh4+ 48. Kxh4 Qf6+ 49. Kg3 h4+ 50. Kg4 Qf5+ 51. Kxh4 Qh5+ 52. Kg3 Qxf3+ 53. Kh4 Qh5+ 54. Kg3 Re3+ 0-1

[Event "FIDE World Junior U20-ch Girls 2025"]
[Site "Petrovac"]
[Date "2025.03.02"]
[Round "6.10"]
[White "Kairbekova, Amina"]
[Black "Wang, Chuqiao"]
[Result "1/2-1/2"]
[Annotator "ChessBase"]
[ECO "C77"]
[WhiteElo "2336"]
[BlackElo "2227"]
[PlyCount "55"]
[EventDate "2025.02.23"]
[EventType "swiss"]
[EventCountry "MNE"]
[SourceTitle "playchess.com"]
[Source "ChessBase"]
[SourceQuality "1"]
[TimeControl "40/5400+30:1800+30"]

1. e4 e5 2. Nf3 Nc6 3. Bb5 a6 4. Ba4 Nf6 5. Nc3 b5 6. Bb3 Bc5 7. Nd5 d6 8. c3 h6 9. a4 Bb7 10. d4 exd4 11. cxd4 Ba7 12. axb5 axb5 13. O-O Nxd5 14. Bxd5 Bb6 15. Rxa8 Bxa8 16. e5 dxe5 17. Bxc6+ Bxc6 18. Nxe5 Bd7 19. Nxd7 Qxd7 20. Re1+ Kf8 21. Bd2 Kg8 22. Bb4 Qc6 23. Re7 Kh7 24. d5 Qf6 25. Re2 Ra8 26. Bc3 Qf5 27. Qf1 Qxd5 28. Re5 1/2-1/2

[Event "FIDE World Junior U20-ch Girls 2025"]
[Site "Petrovac"]
[Date "2025.03.02"]
[Round "6.11"]
[White "Mikheeva, Galina"]
[Black "Toncheva, Nadya"]
[Result "0-1"]
[Annotator "ChessBase"]
[ECO "B10"]
[WhiteElo "2238"]
[BlackElo "2311"]
[PlyCount "126"]
[EventDate "2025.02.23"]
[EventType "swiss"]
[EventCountry "MNE"]
[SourceTitle "playchess.com"]
[Source "ChessBase"]
[SourceQuality "1"]
[TimeControl "40/5400+30:1800+30"]

1. c4 c6 2. e4 d5 3. cxd5 cxd5 4. exd5 Nf6 5. Qa4+ Nbd7 6. Nc3 g6 7. Bc4 Bg7 8. d3 O-O 9. Nf3 a6 10. Qa3 Qc7 11. O-O Nb6 12. Qb3 Bg4 13. Be3 Nc8 14. Qd1 Nd6 15. Bb3 Nf5 16. Rc1 Qd6 17. h3 Bh5 18. Nb1 Nd7 19. Nbd2 Bxf3 20. Qxf3 Bxb2 21. Rb1 Bg7 22. Nc4 Qf6 23. Qe2 Rac8 24. Rfc1 Nd6 25. a4 Rc7 26. Nb6 Rxc1+ 27. Rxc1 Nxb6 28. Bxb6 Nf5 29. a5 Nd4 30. Bxd4 Qxd4 31. Bc4 Be5 32. Rb1 Bd6 33. Kf1 Rb8 34. Qe3 Qc3 35. Qe1 Qf6 36. Rb6 Qf4 37. Qe4 Qc1+ 38. Qe1 Qxe1+ 39. Kxe1 Bc7 40. Rb1 Bxa5+ 41. Ke2 Bc7 42. d4 Kf8 43. Bd3 Ke8 44. g4 h6 45. h4 Kd7 46. Ke3 Bd6 47. Be2 g5 48. h5 Kc7 49. Kd2 Rd8 50. Kd3 Bf4 51. Rb2 Rd6 52. Bd1 Rb6 53. Bb3 Rb4 54. Kc3 Bd6 55. Ra2 Kb6 56. Bc2 Ka7 57. Bb3 Rb6 58. Re2 Bb4+ 59. Kd3 Rf6 60. Ke3 Rf4 61. f3 Bc3 62. Kd3 Rxf3+ 63. Kc4 Ba5 0-1

[Event "FIDE World Junior U20-ch Girls 2025"]
[Site "Petrovac"]
[Date "2025.03.02"]
[Round "6.12"]
[White "Zhurova, Anna"]
[Black "Kirtadze, Anastasia"]
[Result "1-0"]
[Annotator "ChessBase"]
[ECO "B12"]
[WhiteElo "2307"]
[BlackElo "2218"]
[PlyCount "81"]
[EventDate "2025.02.23"]
[EventType "swiss"]
[EventCountry "MNE"]
[SourceTitle "playchess.com"]
[Source "ChessBase"]
[SourceQuality "1"]
[TimeControl "40/5400+30:1800+30"]

1. e4 c6 2. d4 d5 3. e5 Bf5 4. Nf3 e6 5. Be2 Nd7 6. O-O a5 7. c4 dxc4 8. Bxc4 h6 9. Nc3 Ne7 10. Be3 Nb6 11. Bd3 Nbd5 12. Ne4 Ng6 13. a3 Be7 14. Qd2 h5 15. Bg5 f6 16. exf6 gxf6 17. Be3 Kf7 18. Nc3 Bxd3 19. Qxd3 h4 20. Nd2 Ngf4 21. Bxf4 Nxf4 22. Qe4 Qc7 23. Ne2 Nxe2+ 24. Qxe2 h3 25. g3 Rad8 26. Rfe1 Qd6 27. Rad1 Qd5 28. Nf3 Rh5 29. Rd3 Rd6 30. Re3 Bd8 31. Re4 Bb6 32. Ne5+ Rxe5 33. dxe5 fxe5 34. Qh5+ Ke7 35. Qxh3 Bd4 36. Qh7+ Kd8 37. Qxb7 Rd7 38. Qb8+ Ke7 39. Rh4 Rd8 40. Qc7+ Kf6 41. Rh6+ 1-0

[Event "FIDE World Junior U20-ch Girls 2025"]
[Site "Petrovac"]
[Date "2025.03.02"]
[Round "6.13"]
[White "Khamdamova, Afruza"]
[Black "Tarasenka, Aliaksandra"]
[Result "1-0"]
[Annotator "ChessBase"]
[ECO "B40"]
[WhiteElo "2354"]
[BlackElo "2139"]
[PlyCount "141"]
[EventDate "2025.02.23"]
[EventType "swiss"]
[EventCountry "MNE"]
[SourceTitle "playchess.com"]
[Source "ChessBase"]
[SourceQuality "1"]
[TimeControl "40/5400+30:1800+30"]

1. e4 c5 2. Nf3 e6 3. b3 a6 4. Bb2 d5 5. exd5 exd5 6. Qe2+ Qe7 7. Nc3 Nf6 8. O-O-O Nc6 9. h3 h6 10. d4 Qxe2 11. Bxe2 Be6 12. Rhe1 cxd4 13. Nxd4 Nxd4 14. Rxd4 Bc5 15. Rf4 Bd6 16. Rf3 O-O 17. Bd3 Nd7 18. Ne2 Nc5 19. Nd4 Nxd3+ 20. Rxd3 Bd7 21. Nf3 Be6 22. Be5 Ba3+ 23. Kd1 Bf5 24. Rxd5 Rfd8 25. Rd2 f6 26. Bd4 Rac8 27. c3 Kf7 28. Bb6 Rd7 29. Rxd7+ Bxd7 30. Kd2 Bd6 31. Nd4 Be5 32. h4 h5 33. g3 Bxd4 34. Bxd4 Re8 35. Be3 Bg4 36. c4 Rd8+ 37. Kc1 Re8 38. Kd2 Rd8+ 39. Kc2 Rd7 40. a4 Bf3 41. a5 Kg6 42. Kc3 Rd1 43. Rxd1 Bxd1 44. b4 Kf5 45. b5 axb5 46. cxb5 g5 47. Bd4 gxh4 48. gxh4 Ke6 49. Kc4 f5 50. Kc5 Bf3 51. Be3 Be4 52. Bf4 Bf3 53. a6 bxa6 54. bxa6 Be4 55. Kd4 Bf3 56. Ke3 Be4 57. Bb8 Kf6 58. Kf4 Bc6 59. a7 Bb7 60. Be5+ Ke6 61. Bc3 Be4 62. Kg5 Bf3 63. Bb2 Kf7 64. Kxf5 Ke7 65. Ba3+ Kd7 66. Ke5 Kc7 67. Bc5 Kb7 68. Kf4 Bd5 69. Ke3 Kc8 70. f4 Kd7 71. Kd4 1-0

[Event "FIDE World Junior U20-ch Girls 2025"]
[Site "Petrovac"]
[Date "2025.03.02"]
[Round "6.14"]
[White "Zeliantsova, Kseniya"]
[Black "Savitha Shri B"]
[Result "1/2-1/2"]
[Annotator "ChessBase"]
[ECO "B30"]
[WhiteElo "1999"]
[BlackElo "2332"]
[PlyCount "107"]
[EventDate "2025.02.23"]
[EventType "swiss"]
[EventCountry "MNE"]
[SourceTitle "playchess.com"]
[Source "ChessBase"]
[SourceQuality "1"]
[TimeControl "40/5400+30:1800+30"]

1. e4 c5 2. Nf3 Nc6 3. Bb5 e6 4. O-O Nge7 5. c3 d5 6. exd5 Qxd5 7. c4 Qd8 8. d4 cxd4 9. Nxd4 Bd7 10. Nc3 Qc7 11. Re1 a6 12. Bxc6 Bxc6 13. Qh5 O-O-O 14. Be3 g6 15. Qh3 Bd7 16. Qf3 Nf5 17. Rac1 Nxe3 18. fxe3 f5 19. c5 Bc6 20. Qe2 Re8 21. b4 e5 22. Nxc6 Qxc6 23. Red1 Kb8 24. Rd5 Rc8 25. a4 Qe6 26. a5 Be7 27. e4 Rhf8 28. Na4 fxe4 29. Nb6 Rcd8 30. c6 Rxd5 31. c7+ Ka7 32. Qe3 Bc5 33. bxc5 Rd3 34. Qxe4 Rd4 35. Qe3 Qc6 36. c8=Q Rxc8 37. Nxc8+ Qxc8 38. c6 bxc6 39. Qxe5 Qd7 40. Qc5+ Ka8 41. Qxc6+ Qxc6 42. Rxc6 Kb7 43. Rb6+ Ka7 44. Re6 Rd5 45. Re7+ Kb8 46. Rxh7 Rxa5 47. Kf2 Rb5 48. Rg7 Rb6 49. Ke3 a5 50. Kd4 a4 51. Kc5 Rb2 52. Rxg6 a3 53. Ra6 Rxg2 54. Rxa3 1/2-1/2

[Event "FIDE World Junior U20-ch Girls 2025"]
[Site "Petrovac"]
[Date "2025.03.02"]
[Round "6.15"]
[White "Djerroud, Chahrazed"]
[Black "Kurmangaliyeva, Liya"]
[Result "0-1"]
[Annotator "ChessBase"]
[ECO "B62"]
[WhiteElo "1914"]
[BlackElo "2251"]
[PlyCount "66"]
[EventDate "2025.02.23"]
[EventType "swiss"]
[EventCountry "MNE"]
[SourceTitle "playchess.com"]
[Source "ChessBase"]
[SourceQuality "1"]
[TimeControl "40/5400+30:1800+30"]

1. e4 c5 2. Nf3 Nc6 3. d4 cxd4 4. Nxd4 Nf6 5. Nc3 d6 6. Bg5 e6 7. Bb5 Qb6 8. O-O a6 9. Bxc6+ bxc6 10. e5 dxe5 11. Nf3 Nd7 12. Ne4 Qc7 13. Bd2 Be7 14. c4 O-O 15. Bc3 c5 16. Qe2 f6 17. Rfd1 Bb7 18. Rd2 Bc6 19. Rad1 Rad8 20. h3 Qb7 21. Nd6 Qb6 22. Ne4 Qc7 23. Ne1 f5 24. Ng3 e4 25. Nf1 Bg5 26. Rd6 Rde8 27. g3 Bf6 28. Bxf6 Rxf6 29. Ne3 Ne5 30. b3 Ref8 31. R6d2 f4 32. Ng4 Nxg4 33. Qxg4 fxg3 0-1

[Event "FIDE World Junior U20-ch Girls 2025"]
[Site "Petrovac"]
[Date "2025.03.02"]
[Round "6.16"]
[White "Kaldarova, Ayaulym"]
[Black "Smietanska, Wiktoria"]
[Result "1-0"]
[Annotator "ChessBase"]
[ECO "D78"]
[WhiteElo "2248"]
[BlackElo "2170"]
[PlyCount "99"]
[EventDate "2025.02.23"]
[EventType "swiss"]
[EventCountry "MNE"]
[SourceTitle "playchess.com"]
[Source "ChessBase"]
[SourceQuality "1"]
[TimeControl "40/5400+30:1800+30"]

1. Nf3 d5 2. g3 g6 3. Bg2 Bg7 4. d4 Nf6 5. O-O O-O 6. c4 c6 7. a4 Re8 8. Nc3 Nbd7 9. cxd5 Nxd5 10. a5 N7f6 11. Ne5 Ng4 12. Nc4 Be6 13. Ne3 Ndxe3 14. fxe3 Qc7 15. a6 b5 16. Bd2 Bh6 17. Qc1 Qb6 18. Ne4 Bd5 19. Nc5 Bxg2 20. Kxg2 Qc7 21. e4 Bg7 22. e5 e6 23. h3 Nxe5 24. Bf4 Rad8 25. dxe5 Bxe5 26. Qe3 Bxf4 27. Rxf4 f5 28. Rd4 Rd5 29. Rxd5 cxd5 30. b4 e5 31. Rd1 Qc6 32. Qf3 Rd8 33. Kh2 Kg7 34. Qe3 Re8 35. Qb3 Rd8 36. Qc3 Re8 37. Ne4 Qd7 38. Ng5 Kf6 39. Nf3 Re6 40. Qc5 Rd6 41. Rc1 h5 42. Rc2 Qe7 43. Qxb5 e4 44. Nd4 h4 45. Qb8 hxg3+ 46. Kg2 Rxa6 47. b5 Rd6 48. Rc6 Ke5 49. e3 g5 50. Qh8+ 1-0

[Event "FIDE World Junior U20-ch Girls 2025"]
[Site "Petrovac"]
[Date "2025.03.02"]
[Round "6.17"]
[White "Orian, Noga"]
[Black "Shokirjonova, Barchinoy"]
[Result "1-0"]
[Annotator "ChessBase"]
[ECO "D12"]
[WhiteElo "2210"]
[BlackElo "2061"]
[PlyCount "67"]
[EventDate "2025.02.23"]
[EventType "swiss"]
[EventCountry "MNE"]
[SourceTitle "playchess.com"]
[Source "ChessBase"]
[SourceQuality "1"]
[TimeControl "40/5400+30:1800+30"]

1. d4 d5 2. c4 c6 3. Nf3 Nf6 4. e3 Bf5 5. Nc3 e6 6. Nh4 Be4 7. f3 Bg6 8. Bd2 Be7 9. Nxg6 hxg6 10. Qb3 Qc7 11. cxd5 Nxd5 12. Nxd5 cxd5 13. g3 Nc6 14. Kf2 O-O 15. Rc1 Bf6 16. Bb5 Rfc8 17. Rc2 e5 18. dxe5 Qxe5 19. Rhc1 Qe6 20. Qa4 Ne5 21. Rxc8+ Rxc8 22. Bd7 Rc4 23. Rxc4 Nxd7 24. Rc8+ Kh7 25. Qg4 Qxg4 26. fxg4 Bxb2 27. Rc7 Ne5 28. Rxb7 Nc4 29. Ke2 a5 30. Bxa5 Bc1 31. Bb6 Ba3 32. Bd4 Nd6 33. Ra7 Bb4 34. a3 1-0

[Event "FIDE World Junior U20-ch Girls 2025"]
[Site "Petrovac"]
[Date "2025.03.02"]
[Round "6.18"]
[White "Pipiras, Filipa Fortuna"]
[Black "Blokhin, Sofia"]
[Result "1-0"]
[Annotator "ChessBase"]
[ECO "A80"]
[WhiteElo "2200"]
[BlackElo "2020"]
[PlyCount "107"]
[EventDate "2025.02.23"]
[EventType "swiss"]
[EventCountry "MNE"]
[SourceTitle "playchess.com"]
[Source "ChessBase"]
[SourceQuality "1"]
[TimeControl "40/5400+30:1800+30"]

1. d4 f5 2. Bg5 h6 3. Bh4 g5 4. e3 Nf6 5. Bg3 d6 6. Nc3 e6 7. h4 Rg8 8. hxg5 hxg5 9. Qd2 Nc6 10. O-O-O d5 11. f3 Bb4 12. Nge2 Qe7 13. Qd3 Ba5 14. a3 Bd7 15. e4 O-O-O 16. e5 Nh7 17. Kb1 Rg7 18. Be1 Rdg8 19. g4 fxg4 20. fxg4 Nf8 21. Ng3 Ng6 22. Nh5 Rf7 23. Bd2 Ngxe5 24. dxe5 Nxe5 25. Qg3 Nf3 26. Bg2 Nxd2+ 27. Rxd2 c6 28. Rdd1 Bc7 29. Qe3 Bb6 30. Qe5 Bc7 31. Qe2 Rgf8 32. Rhf1 Rxf1 33. Rxf1 e5 34. Ng3 Rxf1+ 35. Nxf1 e4 36. Nd1 Qf6 37. Nfe3 Bg3 38. c4 Be6 39. cxd5 cxd5 40. Qb5 Qf7 41. Nc3 Qd7 42. Qxd7+ Kxd7 43. Nexd5 Be5 44. Ne3 Bf4 45. Nf5 b6 46. Bxe4 Bc4 47. Kc2 Ke6 48. Bd3 Bxd3+ 49. Kxd3 Bc1 50. Kc2 Bf4 51. b4 Ke5 52. Kd3 Bc1 53. Ne3 a6 54. Ne2 1-0

[Event "FIDE World Junior U20-ch Girls 2025"]
[Site "Petrovac"]
[Date "2025.03.02"]
[Round "6.19"]
[White "Shohradova, Leyla"]
[Black "Karimova, Guldona"]
[Result "0-1"]
[Annotator "ChessBase"]
[ECO "E17"]
[WhiteElo "1986"]
[BlackElo "2200"]
[PlyCount "86"]
[EventDate "2025.02.23"]
[EventType "swiss"]
[EventCountry "MNE"]
[SourceTitle "playchess.com"]
[Source "ChessBase"]
[SourceQuality "1"]
[TimeControl "40/5400+30:1800+30"]

1. d4 Nf6 2. c4 e6 3. Nf3 b6 4. g3 Bb7 5. Bg2 Be7 6. O-O O-O 7. Re1 d6 8. Nc3 Ne4 9. Qc2 Nxc3 10. Ng5 Bxg5 11. Bxb7 Nd7 12. Bxa8 Qxa8 13. Qxc3 Bf6 14. Qd3 e5 15. dxe5 Nxe5 16. Qc2 Qc6 17. Bf4 Ng6 18. Bd2 d5 19. Rac1 d4 20. Qf5 Ne5 21. Qh3 Rd8 22. Qg2 Qd7 23. c5 b5 24. c6 Qc8 25. b3 d3 26. Qe4 h5 27. f4 Ng4 28. e3 Bb2 29. Rc5 Nf6 30. Qg2 Qa6 31. Bc3 Bxc3 32. Rxc3 Qa5 33. Qb2 Ne4 34. b4 Qb6 35. Rb3 Qxc6 36. Rd1 d2 37. Qe5 g6 38. f5 Qc2 39. Rbb1 Qd3 40. Qf4 Nc3 41. Qg5 Nxb1 42. f6 Rd6 43. Qe5 Re6 0-1

[Event "FIDE World Junior U20-ch Girls 2025"]
[Site "Petrovac"]
[Date "2025.03.02"]
[Round "6.20"]
[White "Tashkinova, Sofiia"]
[Black "Petricenco, Ana"]
[Result "1-0"]
[Annotator "ChessBase"]
[ECO "B90"]
[WhiteElo "2197"]
[BlackElo "1973"]
[PlyCount "71"]
[EventDate "2025.02.23"]
[EventType "swiss"]
[EventCountry "MNE"]
[SourceTitle "playchess.com"]
[Source "ChessBase"]
[SourceQuality "1"]
[TimeControl "40/5400+30:1800+30"]

1. e4 c5 2. Nf3 d6 3. d4 cxd4 4. Nxd4 Nf6 5. Nc3 a6 6. Bc4 e6 7. a4 Be7 8. O-O O-O 9. Be3 Qc7 10. Qe2 Bd7 11. f4 Nc6 12. f5 Nxd4 13. Bxd4 exf5 14. exf5 Bc6 15. Bb3 Rae8 16. Qd3 d5 17. Rf3 b6 18. Qxa6 Bc5 19. Qd3 Qe5 20. Rd1 Ng4 21. g3 Qd6 22. Rf4 Ne5 23. Qf1 Rd8 24. Qf2 Nd7 25. Bxc5 Nxc5 26. Bxd5 Bxd5 27. Nxd5 Qe5 28. Rfd4 Qb8 29. f6 g6 30. Qd2 Ne6 31. Qh6 Rxd5 32. Rxd5 Qc7 33. c3 Qc4 34. Rd8 Qc5+ 35. Kg2 Qc6+ 36. Kh3 1-0

[Event "FIDE World Junior U20-ch Girls 2025"]
[Site "Petrovac"]
[Date "2025.03.02"]
[Round "6.21"]
[White "Khuslen, Erdenebayar"]
[Black "Liuviann, Cecilia Natalie"]
[Result "0-1"]
[Annotator "ChessBase"]
[ECO "E49"]
[WhiteElo "2201"]
[BlackElo "1964"]
[PlyCount "85"]
[EventDate "2025.02.23"]
[EventType "swiss"]
[EventCountry "MNE"]
[SourceTitle "playchess.com"]
[Source "ChessBase"]
[SourceQuality "1"]
[TimeControl "40/5400+30:1800+30"]

1. d4 Nf6 2. c4 e6 3. Nc3 Bb4 4. e3 O-O 5. Bd3 d5 6. a3 Bxc3+ 7. bxc3 dxc4 8. Bxc4 c5 9. Nf3 Qc7 10. Be2 b6 11. Bb2 Bb7 12. O-O Nbd7 13. c4 Rfd8 14. Nd2 cxd4 15. exd4 e5 16. d5 b5 17. Qb3 bxc4 18. Bxc4 Rab8 19. d6 Qxd6 20. Bxf7+ Kh8 21. Qb4 Nc5 22. Nc4 Qc6 23. f3 Nd3 24. Qa5 Nxb2 25. Nxb2 e4 26. Rac1 Qd6 27. Rfd1 Qf8 28. Rxd8 Rxd8 29. fxe4 Bxe4 30. Be6 Re8 31. Qa6 Qe7 32. Rc8 h6 33. Rxe8+ Nxe8 34. Qc8 Bf5 35. h3 Bxe6 36. Qc3 Nf6 37. Nd3 Bf5 38. Ne5 Ne4 39. Qb2 Qc7 40. Kh1 Qb6 41. Qa1 Qf2 42. Qd1 Bxh3 43. Qa1 0-1

[Event "FIDE World Junior U20-ch Girls 2025"]
[Site "Petrovac"]
[Date "2025.03.02"]
[Round "6.22"]
[White "Sneha Halder"]
[Black "Kanyamarala, Trisha"]
[Result "0-1"]
[Annotator "ChessBase"]
[ECO "D04"]
[WhiteElo "2065"]
[BlackElo "2178"]
[PlyCount "76"]
[EventDate "2025.02.23"]
[EventType "swiss"]
[EventCountry "MNE"]
[SourceTitle "playchess.com"]
[Source "ChessBase"]
[SourceQuality "1"]
[TimeControl "40/5400+30:1800+30"]

1. Nf3 d5 2. d4 Nf6 3. e3 c5 4. b3 cxd4 5. exd4 Bg4 6. Be2 Nc6 7. Nbd2 Ne4 8. Bb2 Qa5 9. O-O Nc3 10. Qe1 Nxe2+ 11. Qxe2 e6 12. h3 Bh5 13. c4 Be7 14. a3 dxc4 15. bxc4 O-O 16. Qe3 Rfd8 17. Nb3 Qb6 18. Rad1 Bf6 19. g4 Bg6 20. Rd2 h6 21. h4 Ne7 22. Nc5 h5 23. Ne5 hxg4 24. Ned7 Qc7 25. Nxf6+ gxf6 26. h5 Nf5 27. Qe4 Bh7 28. Qxg4+ Kh8 29. Qf3 Qe7 30. Ne4 Rg8+ 31. Kh1 Rg7 32. d5 e5 33. d6 Qe6 34. d7 Rd8 35. Rg1 Nh4 36. Rxg7 Nxf3 37. Rg3 Bxe4 38. Re2 Qxc4 0-1

[Event "FIDE World Junior U20-ch Girls 2025"]
[Site "Petrovac"]
[Date "2025.03.02"]
[Round "6.23"]
[White "Wang, Qinxuanyi"]
[Black "Lindstad, Livia"]
[Result "1-0"]
[Annotator "ChessBase"]
[ECO "E12"]
[WhiteElo "2165"]
[BlackElo "2017"]
[PlyCount "47"]
[EventDate "2025.02.23"]
[EventType "swiss"]
[EventCountry "MNE"]
[SourceTitle "playchess.com"]
[Source "ChessBase"]
[SourceQuality "1"]
[TimeControl "40/5400+30:1800+30"]

1. d4 Nf6 2. c4 e6 3. Nf3 b6 4. a3 Bb7 5. Nc3 d5 6. cxd5 Nxd5 7. Qc2 Nxc3 8. bxc3 Nd7 9. e4 c5 10. Bf4 Qc8 11. d5 exd5 12. exd5 Bxd5 13. Bb5 a6 14. Bxd7+ Qxd7 15. O-O-O O-O-O 16. Ne5 Qe6 17. Qa4 b5 18. Qa5 Be7 19. Nc4 Kd7 20. Rhe1 bxc4 21. Rxd5+ Ke8 22. Rxd8+ Bxd8 23. Rxe6+ fxe6 24. Qxc5 1-0

[Event "FIDE World Junior U20-ch Girls 2025"]
[Site "Petrovac"]
[Date "2025.03.02"]
[Round "6.24"]
[White "Gasparyan, Milena"]
[Black "Yildiz, Elif Zeren"]
[Result "1/2-1/2"]
[Annotator "ChessBase"]
[ECO "C67"]
[WhiteElo "1986"]
[BlackElo "2160"]
[PlyCount "98"]
[EventDate "2025.02.23"]
[EventType "swiss"]
[EventCountry "MNE"]
[SourceTitle "playchess.com"]
[Source "ChessBase"]
[SourceQuality "1"]
[TimeControl "40/5400+30:1800+30"]

1. e4 e5 2. Nf3 Nc6 3. Bb5 Nf6 4. O-O Nxe4 5. Re1 Nd6 6. Nxe5 Be7 7. Bf1 Nxe5 8. Rxe5 O-O 9. d4 Bf6 10. Re1 Nf5 11. c3 d5 12. Bf4 c6 13. Nd2 Nh4 14. Bd3 Ng6 15. Bg3 Bg5 16. Qc2 f5 17. Be5 Nxe5 18. dxe5 Be6 19. Nb3 Qd7 20. c4 Be7 21. Nd4 Rac8 22. Rad1 Bc5 23. Nxe6 Qxe6 24. a3 Kh8 25. b4 Bb6 26. c5 Bd8 27. f4 g6 28. Kh1 Rc7 29. Re3 Rcf7 30. Rh3 Kg8 31. Rf1 Be7 32. Qf2 h5 33. Rf3 Rh7 34. a4 Rc8 35. Rc1 Bf8 36. Qc2 Rf7 37. Qf2 Rfc7 38. Be2 a6 39. Rfc3 Be7 40. h4 Kh7 41. g3 Qd7 42. Qd4 Ra8 43. Kg2 Rcc8 44. Kh3 Qd8 45. Rd1 Qf8 46. Rdc1 Kh6 47. Bd3 Qd8 48. Bf1 Qf8 49. Bd3 Qd8 1/2-1/2

[Event "FIDE World Junior U20-ch Girls 2025"]
[Site "Petrovac"]
[Date "2025.03.02"]
[Round "6.25"]
[White "Valcu, Lavinia"]
[Black "Imomkuzieva, Nilufarkhon"]
[Result "0-1"]
[Annotator "NA"]
[ECO "D10"]
[WhiteElo "2137"]
[BlackElo "1983"]
[PlyCount "82"]
[EventDate "2025.02.23"]
[EventType "swiss"]
[EventCountry "MNE"]
[SourceTitle "playchess.com"]
[Source "ChessBase"]
[SourceQuality "1"]
[TimeControl "40/5400+30:1800+30"]

1. d4 c6 2. c4 d5 3. Nc3 Nf6 4. cxd5 cxd5 5. f3 Nc6 6. e4 g6 7. e5 Ng8 8. Be3 Bg7 9. Qb3 e6 10. Be2 Nge7 11. g4 O-O 12. f4 f6 13. Nf3 fxe5 14. fxe5 Na5 15. Qd1 Nc4 16. Bc1 Bd7 17. b3 Qa5 18. Qd3 Na3 19. O-O a6 20. Bd2 Qb6 21. Kh1 Rac8 22. Ng5 Nb5 23. Nxb5 Bxb5 24. Qh3 h6 25. Bxb5 hxg5 26. Bd3 Qxd4 27. Bxg5 Rxf1+ 28. Rxf1 Rc3 29. Bxe7 Rxd3 30. Qg2 Rd2 31. Qh3 Qxe5 32. g5 Qe4+ 33. Qf3 Qxf3+ 34. Rxf3 Rxa2 35. Bf6 d4 36. h4 e5 37. Kg1 e4 38. Rf4 d3 39. Rxe4 Bxf6 40. gxf6 d2 41. Rd4 Ra1+ 0-1

[Event "FIDE World Junior U20-ch Girls 2025"]
[Site "Petrovac"]
[Date "2025.03.02"]
[Round "6.26"]
[White "Ter-Avetisjana, Agnesa Stepania"]
[Black "Nguyen, Binh Vy"]
[Result "1/2-1/2"]
[Annotator "NA"]
[ECO "B40"]
[WhiteElo "2133"]
[BlackElo "1926"]
[PlyCount "93"]
[EventDate "2025.02.23"]
[EventType "swiss"]
[EventCountry "MNE"]
[SourceTitle "playchess.com"]
[Source "ChessBase"]
[SourceQuality "1"]
[TimeControl "40/5400+30:1800+30"]

1. e4 c5 2. Nf3 e6 3. b3 Nc6 4. Bb2 d5 5. exd5 exd5 6. d4 Nf6 7. Be2 Be7 8. O-O O-O 9. dxc5 Bxc5 10. a3 Bg4 11. h3 Bh5 12. b4 Be7 13. Nbd2 Rc8 14. Nb3 Bg6 15. Rc1 a6 16. c4 dxc4 17. Bxc4 Qxd1 18. Rfxd1 Rfd8 19. Re1 Bf8 20. Bf1 Re8 21. Rxe8 Rxe8 22. Nc5 Bxc5 23. Rxc5 Ne4 24. Rc1 Nd8 25. Nh4 Ne6 26. Nxg6 hxg6 27. Re1 Nd6 28. Rd1 Rd8 29. g3 Kf8 30. a4 b5 31. Rc1 bxa4 32. Bxa6 Rb8 33. Rc6 Nf5 34. b5 Nfd4 35. Rc4 Nxb5 36. Rxa4 Nbc7 37. Ba3+ Kg8 38. Bc4 Rb1+ 39. Kg2 Ra1 40. Ra7 Kh7 41. h4 Kg8 42. f4 Rd1 43. Rb7 Rd4 44. Bb3 Rd2+ 45. Kh3 Rd3 46. Kg2 Rd2+ 47. Kh3 1/2-1/2

[Event "FIDE World Junior U20-ch Girls 2025"]
[Site "Petrovac"]
[Date "2025.03.02"]
[Round "6.27"]
[White "Mihelic, Vesna"]
[Black "Avetisyan, Ani"]
[Result "1/2-1/2"]
[Annotator "NA"]
[ECO "B22"]
[WhiteElo "2115"]
[BlackElo "1904"]
[PlyCount "64"]
[EventDate "2025.02.23"]
[EventType "swiss"]
[EventCountry "MNE"]
[SourceTitle "playchess.com"]
[Source "ChessBase"]
[SourceQuality "1"]
[TimeControl "40/5400+30:1800+30"]

1. e4 c5 2. Nf3 e6 3. c3 d5 4. exd5 Qxd5 5. d4 Nf6 6. Be2 Nc6 7. O-O cxd4 8. cxd4 Be7 9. Nc3 Qd8 10. Bf4 O-O 11. Rc1 Nd5 12. Bg3 Bd6 13. Ne5 Nxc3 14. Rxc3 Nb4 15. Bc4 f6 16. Ng4 Bxg3 17. hxg3 Nd5 18. Rc1 Qd6 19. Qb3 Rd8 20. Rfd1 Nb6 21. Be2 Bd7 22. Bb5 Bxb5 23. Qxb5 Rac8 24. Ne3 Rc7 25. Rxc7 Qxc7 26. d5 exd5 27. Nxd5 Nxd5 28. Rxd5 a6 29. Rxd8+ Qxd8 30. Qb3+ Kf8 31. Qxb7 Qd1+ 32. Kh2 Qh5+ 1/2-1/2